 Dungeon Sprint DCSS version 0.27-a0-1196-g3e9cee4cb2 (webtiles) character file.

Game seed: 13145888527001881387

3303 mhtbhm the Eclecticist (level 9, -20/46 HPs)
             Began as a Deep Elf Earth Elementalist on May 28, 2021.
             Was the Champion of Vehumet.
             Demolished by a shadow wraith (22 damage)
             ... in the Dungeon (Sprint VII: "The Pits").
             The game lasted 00:04:26 (1671 turns).

mhtbhm the Eclecticist (DEEE)                       Turns: 1671, Time: 00:04:26

Health: -20/46     AC:  4    Str: 11    XL:     9   Next: 70%
Magic:  33/33      EV: 15    Int: 26    God:    Vehumet [******]
Gold:   0          SH:  0    Dex: 18    Spells: 15/44 levels left

rFire    . . .     SeeInvis .   l - +2 rapier of Plague {drain, *Noise rPois Int+2 Dex+3}
rCold    . . .     Faith    .   (no shield)
rNeg     . . .     Spirit   .   c - +0 robe
rPois    +         Reflect  .   (no helmet)
rElec    .         Harm     .   (no cloak)
rCorr    .         Rampage  .   r - +0 pair of gloves
Will     .....     NoTele   +   s - +0 pair of boots
Stlth    +++.......             (no amulet)
HPRegen  0.15/turn              m - +3 ring of strength
MPRegen  0.23/turn              n - +3 ring of strength

@: slowed, very slow
A: no striking features
a: Renounce Religion


You were in the Dungeon.
You worshipped Vehumet.
Vehumet was exalted by your worship.
You visited 1 branch

Inventory:

Hand Weapons
 l - the +2 rapier of Plague (weapon) {drain, *Noise rPois Int+2 Dex+3}
   (You found it in the Dungeon)

   A truly terrible weapon, it drains the life of those it strikes.
   It affects your intelligence (+2).
   It affects your dexterity (+3).
   It protects you from poison.
   It may make noises in combat.
Missiles
 b - 19 stones
Armour
 c - a +0 robe (worn)
 r - a +0 pair of gloves (worn)
 s - a +0 pair of boots (worn)
Jewellery
 m - a +3 ring of strength (left hand)
 n - a +3 ring of strength (right hand)
Scrolls
 i - a scroll of blinking
 j - 5 scrolls of amnesia
 k - a scroll of summoning
Potions
 a - 2 potions of invisibility
 d - 5 potions of curing
 e - 12 potions of heal wounds
 f - a potion of haste
 g - 4 potions of magic
 h - 4 potions of berserk rage
 o - a potion of resistance
 p - 2 potions of brilliance
 q - a potion of might


   Skills:
 - Level 0.7 Fighting
 + Level 5.1 Dodging
 + Level 5.4 Stealth
 + Level 18.0 Spellcasting
 + Level 3.1 Conjurations
 + Level 2.8 Transmutations
 + Level 16.4 Earth Magic


You had 15 spell levels left.
You knew the following spells:

 Your Spells              Type           Power      Damage    Failure   Level
a - Sandblast             Erth           100%       2d20      0%          1
b - Shock                 Conj/Air       100%       1d9       1%          1
c - Stone Arrow           Conj/Erth      100%       3d13      1%          3
d - Lee's Rapid Deconstr  Erth           41%        3d21*     1%          5
e - Petrify               Tmut/Erth      65%        N/A       1%          4
f - Bolt of Magma         Conj/Fire/Erth 27%        4d13      1%          5
g - Hailstorm             Conj/Ice       31%        3d8       3%          4
h - Freezing Cloud        Conj/Ice/Air   14%        6-21      45%         6

Your spell library contained the following spells:

 Spells                   Type           Power      Damage    Failure   Level
 Passwall                 Tmut/Erth      54%        N/A       1%          2


Dungeon Overview and Level Annotations

Branches:
Dungeon (1/1)

Altars:
Ashenzari
Cheibriados
Dithmenos
Elyvilon
Fedhas
Gozag
Hepliaklqana
Kikubaaqudgha
Makhleb
Nemelex Xobeh
Okawaru
Qazlal
Ru
Sif Muna
Trog
Uskayaw
Vehumet
Wu Jian
Xom
Yredelemnul
Zin
The Shining One
Beogh
Jiyva
Lugonu


Message History

You feel your power returning.
Unknown command.
Casting: Lee's Rapid Deconstruction (safe; 1% risk of failure)
Confirm with . or Enter, or press ? or * to list all spells.
Aiming: Lee's Rapid Deconstruction (safe; 1% risk of failure)
Press: ? - help, Dir - move target A metal wall.
The metal wall shatters!
The blast of metal fragments hits the deep elf pyromancer!!!
You kill the deep elf pyromancer!
Vehumet accepts your kill.
Vehumet offers you knowledge of Freezing Cloud.
You feel your power returning.
Your Spellcasting skill increases to level 18!
Unknown command.
This spell is potentially lethal to cast!
Memorise Freezing Cloud, consuming 6 spell levels and leaving 15?
Vehumet grants you knowledge of Freezing Cloud.
You start memorising the spell.
You continue memorising. x6
You finish memorising.
You add the spell Freezing Cloud to your library.
Spell assigned to 'h'.
You start resting.
Magic restored.
There is an open door here.
Things that are here:
a +0 dagger of speed; a +0 leather armour You open the door.
There is an open door here.
You hear a chilling moan.
Deactivating autopickup; reactivate with Ctrl-A.
You hit something.
Your rapier of Plague goes snicker-snack!
Something hits you!!
Ouch! That really hurt!
Something hits you. Something drains your vigour!
You feel yourself slow down. Something hits you!!
* * * LOW HITPOINT WARNING * * *
Something hits you!!
You die...

.......##''#####
.......##......#
.......##...÷###
...<...##...##.+
.......##..##..##+##
.......##..#.)##...##
.......##..#..#.....#
#########..'..'.{...+
#########..#..#.@...#
†.#....##..#..##...##
..#..[[##..##..##+##
..'..))##.†(##.+
..#..))##....###
..#..))##......#
################


There were no monsters in sight!

Vanquished Creatures
  A deep elf pyromancer (D)
  An orc knight (D)
  A cyclops (D)
  An efreet (D)
  An ice devil (D)
  A jumping spider (D)
  A flying skull (D)
  Sigmund (D)
  A fire bat (D)
  Menkaure (D)
  A water moccasin (D)
  An orc warrior (D)
  A sky beast (D)
  A wolf (D)
  2 phantoms (D)
  A small abomination (D)
  A scorpion (D)
  A hound (D)
  An orc priest (D)
  2 orc wizards (D)
  A gnoll (D)
  An ufetubus (D)
  5 orcs (D)
  An endoplasm (D)
  2 goblins (D)
  4 jackals (D)
  A kobold (D)
  2 quokkas (D)
  2 frilled lizards (D)
41 creatures vanquished.

Notes
Turn   | Place    | Note
-------+----------+-------------------------------------------
     0 | D        | mhtbhm the Deep Elf Earth Elementalist began the quest for
                  | the Orb.
     0 | D        | Reached XP level 1. HP: 10/10 MP: 6/6
    14 | D        | Reached skill level 4 in Spellcasting
    14 | D        | Reached XP level 2. HP: 15/15 MP: 3/9
    76 | D        | Found a bloodstained altar of Trog.
    76 | D        | Found a shimmering blue altar of Sif Muna.
    76 | D        | Found a viscous altar of Jiyva.
    76 | D        | Found a hazy altar of Hepliaklqana.
    76 | D        | Found an opulent altar of Gozag.
    77 | D        | Found a glowing golden altar of the Shining One.
    77 | D        | Found a glowing silver altar of Zin.
    77 | D        | Found a basalt altar of Yredelemnul.
    77 | D        | Found a shimmering altar of Xom.
    77 | D        | Found an ornate altar of the Wu Jian Council.
    77 | D        | Found a sacrificial altar of Ru.
    77 | D        | Found a stormy altar of Qazlal.
    77 | D        | Found an iron altar of Okawaru.
    77 | D        | Found a sparkling altar of Nemelex Xobeh.
    77 | D        | Found a burning altar of Makhleb.
    77 | D        | Found a blossoming altar of Fedhas.
    77 | D        | Found a white marble altar of Elyvilon.
    77 | D        | Found a shadowy altar of Dithmenos.
    77 | D        | Found a snail-covered altar of Cheibriados.
    79 | D        | Found a radiant altar of Vehumet.
    79 | D        | Found a corrupted altar of Lugonu.
    80 | D        | Found a hide-covered altar of Uskayaw.
    80 | D        | Found an ancient bone altar of Kikubaaqudgha.
    80 | D        | Found a broken altar of Ashenzari.
    87 | D        | Became a worshipper of Vehumet
   163 | D        | Reached * piety under Vehumet
   163 | D        | Offered knowledge of Shock by Vehumet.
   164 | D        | Noticed a scorpion
   165 | D        | Reached skill level 5 in Earth Magic
   172 | D        | Reached ** piety under Vehumet
   173 | D        | Reached skill level 5 in Spellcasting
   176 | D        | Killed a scorpion
   177 | D        | Reached skill level 6 in Spellcasting
   177 | D        | Reached XP level 3. HP: 16/19 MP: 5/13
   177 | D        | Reached XP level 4. HP: 20/24 MP: 5/14
   239 | D        | Learned a level 1 spell: Shock
   243 | D        | Learned a level 3 spell: Stone Arrow
   256 | D        | Offered knowledge of Magic Dart by Vehumet.
   257 | D        | Reached skill level 7 in Spellcasting
   285 | D        | Noticed a fire bat
   287 | D        | Killed a fire bat
   287 | D        | Reached *** piety under Vehumet
   288 | D        | Reached skill level 9 in Spellcasting
   288 | D        | Reached XP level 5. HP: 28/28 MP: 13/19
   300 | D        | Learned a level 5 spell: Lee's Rapid Deconstruction
   305 | D        | Learned a level 4 spell: Petrify
   430 | D        | Noticed a phantom
   445 | D        | Killed a phantom
   445 | D        | Offered knowledge of Poisonous Vapours by Vehumet.
   446 | D        | Reached skill level 10 in Spellcasting
   446 | D        | Reached skill level 1 in Conjurations
   446 | D        | Reached skill level 10 in Earth Magic
   446 | D        | Reached XP level 6. HP: 28/32 MP: 17/21
   494 | D        | Reached **** piety under Vehumet
   494 | D        | Killed Menkaure
   494 | D        | Noticed an orc warrior
   495 | D        | Reached skill level 5 in Dodging
   495 | D        | Reached skill level 5 in Stealth
   495 | D        | Reached skill level 11 in Spellcasting
   495 | D        | Noticed a flying skull
   501 | D        | Reached skill level 12 in Spellcasting
   501 | D        | Reached XP level 7. HP: 36/36 MP: 16/24
   501 | D        | Killed a flying skull
   504 | D        | Reached ***** piety under Vehumet
   505 | D        | Reached skill level 13 in Spellcasting
   652 | D        | Offered knowledge of Sticky Flame by Vehumet.
   688 | D        | Noticed an efreet
   690 | D        | Killed an efreet
   691 | D        | Reached skill level 14 in Spellcasting
   691 | D        | Reached XP level 8. HP: 23/41 MP: 17/28
   831 | D        | Noticed Sigmund
   832 | D        | Offered knowledge of Bolt of Magma by Vehumet.
   833 | D        | Killed Sigmund
   834 | D        | Reached skill level 15 in Spellcasting
   983 | D        | Learned a level 5 spell: Bolt of Magma
   986 | D        | Offered knowledge of Hailstorm by Vehumet.
   989 | D        | Reached ****** piety under Vehumet
   989 | D        | Noticed an orc knight
   997 | D        | Killed an orc knight
   998 | D        | Reached skill level 16 in Spellcasting
  1172 | D        | Got the +2 rapier of Plague {drain, *Noise rPois Int+2
                  | Dex+3}
  1242 | D        | Noticed an ice devil
  1244 | D        | Reached XP level 9. HP: 45/45 MP: 25/31
  1248 | D        | Killed an ice devil
  1249 | D        | Reached skill level 15 in Earth Magic
  1532 | D        | Learned a level 4 spell: Hailstorm
  1535 | D        | Noticed a cyclops
  1537 | D        | Noticed a jumping spider
  1540 | D        | Killed a cyclops
  1540 | D        | Killed a jumping spider
  1541 | D        | Reached skill level 17 in Spellcasting
  1623 | D        | Noticed a deep elf pyromancer
  1625 | D        | Killed a deep elf pyromancer
  1625 | D        | Offered knowledge of Freezing Cloud by Vehumet.
  1626 | D        | Reached skill level 18 in Spellcasting
  1633 | D        | Learned a level 6 spell: Freezing Cloud
  1671 | D        | HP: 2/46 [something (20)]
  1671 | D        | Demolished by a shadow wraith

Illustrated notes

Levels and vault maps discovered:
D:        pitsprint [storerooms_1, entrance_room_1, metal_vault_6, armoury_3,
          mini_pit_1, grid_room_1, main_hall_1, silver_pit, the_coven_1,
          the_vestibule_1, steel_vault_1, golden_pit, hallway_of_sentries,
          crystal_vault_5, iron_vault_4, final_vault]

Skill      XL: |  1  2  3  4  5  6  7  8  9 |
---------------+----------------------------+-----
Dodging        | 3 4 5 |  5.1
Spellcasting   | 4 6 9 10 12 14 16 18 | 18.0
Earth Magic    | 4 7 9 10 11 13 14 16 | 16.4
Stealth        | 3 4 5 |  5.4
Conjurations   | 1 2 3 |  3.1
Transmutations | 2 |  2.8
Fighting       | |  0.7

Action                   |  1- 3 |  4- 6 |  7- 9 || total
-------------------------+-------+-------+-------++-------
Melee: Rapier            |       |       |     1 ||     1
 Cast: Sandblast         |    16 |     6 |     1 ||    23
       Stone Arrow       |       |     5 |       ||     5
       Lee's Rapid Decon |       |     2 |    24 ||    26
       Petrify           |       |       |     2 ||     2
  Use: Potion            |       |       |     1 ||     1
Armor: Robe              |     1 |       |       ||     1
Dodge: Dodged            |     5 |     2 |     3 ||    10

Table legend: (Time is in decaauts)
 A = Elapsed time spent in this place.
 B = Non-inter-level travel time spent in this place.
 C = Inter-level travel time spent in this place.
 D = Time resting spent in this place.
 E = Time spent auto-exploring this place.
 F = Levels seen in this place.
 G = Mean time per level.
                   A        B        C        D        E       F      G
               +--------+--------+--------+--------+--------+-----+--------+
         Total |   1668 |   1668 |      0 |   1190 |     87 |   1 | 1668.0 |
       Dungeon |   1668 |   1668 |      0 |   1190 |     87 |   1 | 1668.0 |
               +--------+--------+--------+--------+--------+-----+--------+

Top non-repeatable levels by time:
       D: 1668 daAuts
